AoeStats
← jucca187

African Clearing

510808595Analyzed
4v4 RM · 1d ago on Oct 2, 2026· 44m 36s· 8 players
Game mode
Random Map
Map size
Large (8 player)
Population
200
Speed
Normal
Resources
Standard
Victory
Conquest
Starting age
Dark Age
Ending age
Imperial Age
RankedLock teamsTeams togetherTeam positionsShared explorationLock speedFull tech treeHidden civsTurbo modeCheats
Victory
Defeat
🇫🇷 Byzantines · France
943
+11
🇪🇸 Huns · Spain
878
+14
🇺🇦 Lithuanians · Ukraine
868
+14
🇫🇮 Aztecs · Finland
810
+16
🇭🇰 Huns · Hong Kong SAR China
883
-17
🇸🇰 Romans · Slovakia
862
-15
🇹🇼 Cumans · Taiwan
809
-13
🇸🇰 Bohemians · Slovakia
741
-10
Geroncio Sofronio
14:03 Feudal Age
17:57 Castle Age
18:16 Loom
18:48 Gold Mining
20:18 Double-Bit Axe
20:30 Fletching
20:40 Padded Archer Armor
21:31 Bodkin Arrow
21:42 Horse Collar
35:20 Forging
35:15 Scale Barding Armor
36:24 Wheelbarrow
36:49 Iron Casting
36:20 Scale Barding Armor
37:26 Marauders
37:43 Bloodlines
37:33 Husbandry
41:24 Imperial Age
39:59 Gold Shaft Mining
39:59 Chain Barding Armor
41:29 Elite Tarkan
43:29 Blast Furnace
43:05 Plate Barding Armor
45:07 Bracer
45:23 Leather Archer Armor
jucca187
16:42 Feudal Age
17:15 Double-Bit Axe
17:14 Horse Collar
23:14 Castle Age
25:27 Wheelbarrow
25:22 Bow Saw
25:06 Stone Mining
25:11 Gold Mining
25:58 Heavy Plow
28:40 Forging
28:31 Scale Mail Armor
28:33 Squires
30:31 Loom
31:28 Hand Cart
32:25 Iron Casting
32:14 Chain Mail Armor
36:44 Imperial Age
36:55 Elite Jaguar Warrior
37:59 Conscription
44:24 Blast Furnace
43:55 Plate Mail Armor
AdGloriam
4:54 Loom
13:10 Feudal Age
15:39 Double-Bit Axe
18:20 Castle Age
17:44 Forging
30:52 Scale Barding Armor
32:52 Gold Mining
34:27 Gold Shaft Mining
38:11 Imperial Age
36:20 Chain Barding Armor
37:50 Wheelbarrow
38:31 Iron Casting
38:13 Cavalier
40:17 Plate Barding Armor
41:51 Bow Saw
43:35 Elite Cataphract
44:13 Stone Mining
carbondioxide
diepat
8:36 Loom
16:04 Feudal Age
17:50 Double-Bit Axe
17:57 Town Watch
21:07 Castle Age
19:04 Man-at-Arms
22:19 Forging
22:31 Gold Mining
24:03 Wheelbarrow
24:05 Pikeman
26:26 Stone Mining
26:29 Fletching
29:04 Elite Skirmisher
30:15 Bodkin Arrow
32:47 Thumb Ring
33:35 Horse Collar
34:40 Ballistics
34:59 Iron Casting
35:49 Murder Holes
38:17 Heavy Plow
40:00 Hand Cart
41:24 Bow Saw
45:08 Imperial Age
44:21 Hand Cart
*.
4:28 Loom
15:03 Feudal Age
15:40 Double-Bit Axe
16:16 Gold Mining
16:00 Man-at-Arms
18:34 Scale Mail Armor
21:25 Forging
23:37 Horse Collar
29:01 Castle Age
červene malborky
6:10 Loom
26:29 Feudal Age
NDS
5:41 Loom
16:09 Feudal Age
20:47 Double-Bit Axe
24:47 Castle Age
26:43 Bow Saw
28:31 Wheelbarrow
27:41 Town Watch
28:26 Town Patrol
30:16 Hand Cart
31:29 Horse Collar
33:34 Heavy Plow
35:33 Ballistics
35:09 Murder Holes
35:25 Masonry
39:01 Imperial Age
37:08 Steppe Husbandry
37:08 Fletching
37:18 Padded Archer Armor
38:28 Bodkin Arrow
38:48 Leather Archer Armor
40:14 Conscription
40:30 Hoardings
40:05 Cuman Mercenaries
41:01 Ring Archer Armor
44:00 Chemistry
42:28 Elite Kipchak
Connection lost

Rejoining the realm…

Still unreachable

The connection could not be restored.

Session expired

The server has moved on; the page needs a fresh start.